 Dungeon Crawl Stone Soup version 0.26.0-10-g1f06aea511 (webtiles) character file.

Game seed: 13661352763210877274

38 ythm the Skirmisher (level 3, -3/42 HPs)
             Began as an Ogre Hunter on Jan 14, 2021.
             Slain by an orc
             ... wielding a +0 short sword
              (7 damage)
             ... on level 1 of the Dungeon.
             The game lasted 00:01:17 (911 turns).

ythm the Skirmisher (Ogre Hunter)                    Turns: 911, Time: 00:01:18

Health: -3/42      AC:  4    Str: 17    XL:     3   Next: 43%
Magic:  3/3        EV: 10    Int: 12    God:
Gold:   12         SH:  0    Dex:  9    Spells: 2/2 levels left

rFire    . . .     SeeInvis .   a - +0 short sword
rCold    . . .     Faith    .   (no shield)
rNeg     . . .     Spirit   .   b - +0 robe
rPois    .         Reflect  .   (helmet restricted)
rElec    .         Harm     .   j - +0 cloak
rCorr    .         Rampage  .   (gloves unavailable)
Will     .....                  (boots unavailable)
Stlth    +.........             f - amulet of regeneration
HPRegen  0.54/turn              (no ring)
MPRegen  0.08/turn              (no ring)

@: no status effects
A: large, unfitting armour, tough skin 1
a: no special abilities


You were on level 1 of the Dungeon.
You visited 1 branch of the dungeon, and saw 2 of its levels.

You collected 12 gold pieces.

Inventory:

Hand Weapons
 a - a +0 short sword (weapon)
Missiles
 c - 5 large rocks (quivered)
 d - 2 throwing nets
 g - 14 poisoned darts
Armour
 b - a +0 robe (worn)
 j - a +0 cloak (worn)
Jewellery
 f - an amulet of regeneration (around neck)
Scrolls
 e - a scroll of remove curse {unknown}
 i - a scroll of enchant armour {unknown}
Potions
 h - a potion of curing {unknown}


   Skills:
 + Level 5.0 Fighting
 - Level 4.0 Throwing
 - Level 1.7 Dodging
 - Level 0.6 Stealth


You had 2 spell levels left.
You didn't know any spells.
Your spell library was empty.

Dungeon Overview and Level Annotations

Branches:
Dungeon (2/15)

Altars:


Innate Abilities, Weirdness & Mutations

You are too large for most types of armour.
You have tough skin. (AC +1)


Message History

The leopard gecko barely misses you. x2
There is a stone staircase leading up here.
The leopard gecko bites you.
* * * LOW HITPOINT WARNING * * *
The orc hits you with a +0 short sword.
* * * LOW HITPOINT WARNING * * *
You climb upwards.
There is a stone staircase leading down here.
Unknown command.
Unknown command.
You hit the leopard gecko.
The leopard gecko is heavily wounded.
The leopard gecko closely misses you. The orc closely misses you.
Unknown command.
You hit the leopard gecko but do no damage.
The leopard gecko is moderately wounded.
The leopard gecko bites you.
* * * LOW HITPOINT WARNING * * *
The orc hits you with a +0 short sword!
You die...

#.#...# #.#.######
#.#######........# #
#.............##.# #
##########....##.# #
#.............##.# #
#.########....##.# #######
#.#.........#.##.# #......
#.#.#.......#.##o# #.#####
...............l@# #####.#
#.#.......(...#### #.....#
#.###..###.####### #.##### #.#
#..# #..##...## #.# #.#
#..####(#..#..## #.#######
#####...###(..#.#.(####.......#
............(#...#......#.###.#
######..#####.....#####.#.###.#
# #...#...........#..#..##.#


You could see an orc and a leopard gecko.

Vanquished Creatures
  2 dart slugs (D:1)
  A leopard gecko (D:1)
  A ball python (D:2)
  3 giant cockroaches
  3 goblins
  4 hobgoblins (D:1)
  2 bats
  A frilled lizard (D:1)
  7 kobolds
  9 rats (D:1)
33 creatures vanquished.

Notes
Turn   | Place    | Note
-------+----------+-------------------------------------------
     0 | D:1      | ythm the Ogre Hunter began the quest for the Orb.
     0 | D:1      | Reached XP level 1. HP: 22/22 MP: 1/1
    43 | D:1      | Reached skill level 3 in Fighting
   128 | D:1      | Reached XP level 2. HP: 31/31 MP: 2/2
   187 | D:1      | Reached skill level 4 in Fighting
   652 | D:1      | Reached XP level 3. HP: 40/40 MP: 3/3
   881 | D:2      | Reached skill level 5 in Fighting
   911 | D:1      | Slain by an orc

Illustrated notes

Levels and vault maps discovered:
D:1:      scummos_arrival_star, layout_basic
D:2:      layout_basic, nicolae_overflow_hidden_temple,
          nicolae_overflow_crystal_walls, uniq_terence

Skill      XL: |  1  2  3 |
---------------+----------+-----
Fighting       | 3 4 5 |  5.0
Throwing       | |  4.0
Dodging        | |  1.7
Stealth        | |  0.6

Action                   || total
-------------------------++-------
Melee: Short sword       ||   136
 Stab: Sleeping          ||     1
Armor: Robe              ||    51
Dodge: Dodged            ||    77
